 Dungeon Crawl Stone Soup version 0.27.1-3-gb3d3a73c9e (console) character file.

Game seed: 14687591636289500583

2354 Banquo the Fighter (level 9, -1/72 HPs)
             Began as a Djinni Hunter on Oct 10, 2021.
             Slain by a troll (4 damage)
             ... on level 7 of the Dungeon.
             The game lasted 00:34:15 (10980 turns).

Banquo the Fighter (Djinni Hunter)                 Turns: 10980, Time: 00:34:15

Health: -1/72      AC: 13    Str: 11    XL:     9   Next: 71%
Gold:   256        EV: 12    Int: 21    God:
                   SH:  0    Dex: 15

rFire    + + .     SeeInvis .   a - +2 flail (protect)
rCold    x . .     Faith    .   (no shield)
rNeg     . . .     Spirit   .   c - +0 leather armour
rPois    ∞         Reflect  .   p - +0 helmet
rElec    .         Harm     .   (no cloak)
rCorr    .         Rampage  .   g - +1 pair of gloves
Will     .....                  (boots unavailable)
Stlth    +.........             z - amulet of regeneration
HPRegen  1.22/turn              m - +6 ring of intelligence
MPRegen  0.00/turn              (no ring)

@: under a protective aura, flying
A: sickness immunity, fire resistance 2, cold vulnerability 1, float, innate
caster, hp casting, extra vitality 1
a: no special abilities


You were on level 7 of the Dungeon.
You visited 2 branches of the dungeon, and saw 8 of its levels.

You collected 354 gold pieces.
You spent 98 gold pieces at shops.

Inventory:

Hand Weapons
 a - a +2 flail of protection (weapon)
 b - a +1 hand crossbow of flaming
 h - a +0 short sword
 t - a +0 war axe
 C - a +0 trident
 H - a +2 dagger of flaming
 K - a +2 flail of holy wrath
Missiles
 d - 58 bolts
 e - 193 stones (quivered)
 v - 5 boomerangs
 F - 17 poisoned darts
Armour
 c - a +0 leather armour (worn)
 g - a +1 pair of gloves (worn)
 i - a +0 kite shield
 p - a +0 helmet (worn)
 s - a +0 pair of gloves
Jewellery
 m - a +6 ring of intelligence (left hand)
 w - an amulet of the acrobat
 y - a ring of poison resistance
 z - an amulet of regeneration (around neck)
Wands
 n - a wand of polymorph (10)
 G - a wand of acid (13)
 I - a wand of digging (5)
Scrolls
 j - a scroll of magic mapping
 k - a scroll of enchant armour
 q - 3 scrolls of amnesia
 u - a scroll of blinking
 A - 2 scrolls of teleportation
 J - a scroll of immolation
Potions
 f - 4 potions of curing
 l - 3 potions of lignification
 o - a potion of brilliance
 r - a potion of might
 x - a potion of mutation
 B - a potion of haste
 D - a potion of resistance
 E - a potion of heal wounds
 L - a potion of degeneration {unknown}


   Skills:
 + Level 9.1 Fighting
 - Level 3.2 Crossbows
 - Level 2.1 Dodging
 - Level 0.7 Stealth
 * Level 6.5 Spellcasting


You had 11 spell levels left.
You knew the following spells:

 Your Spells              Type           Power      Damage    Failure   Level
a - Corona                Hex            37%        N/A       1%          1
b - Leda's Liquefaction   Hex/Erth       17%        N/A       9%          4
P - Passwall              Tmut/Erth      28%        N/A       1%          2
T - Teleport Other        Tloc           34%        N/A       2%          3
Your spell library was empty.

Dungeon Overview and Level Annotations

Branches:
Dungeon (7/15)             Temple (1/1) D:4

Altars:
Cheibriados
Dithmenos
Elyvilon
Fedhas
Gozag
Makhleb
Nemelex Xobeh
Okawaru
Qazlal
Ru
Sif Muna
Trog
Uskayaw
Vehumet
Wu Jian
Yredelemnul
Zin
The Shining One

Shops:
D:4 ?

Annotations:
D:2 Terence
D:6 3 runed translucent doors, Beetle, Descartes's ghost, novice DEWn


Innate Abilities, Weirdness & Mutations

You are immune to sickness and miasma.
You are immune to poison.
Your flesh is very heat resistant. (rF++)
You are vulnerable to cold. (rC-)
You float through the air rather than walking.
You learn spells naturally, not from books.
Your magical power is your life essence.
You have superior vitality. (+4 HP)


Message History

You hit the troll.
The troll is severely wounded.
The troll bites you but does no damage. The troll claws you.
The troll closely misses you.
You hit the troll.
The troll is severely wounded.
The troll bites you. The troll claws you but does no damage.
The troll barely misses you.
You closely miss the troll.
The troll is severely wounded.
The troll bites you. The troll claws you. The troll claws you!
The troll bites you but does no damage. The troll barely misses you.
The troll claws you!
You hit the troll.
The troll is severely wounded.
The troll bites you. The troll misses you. x2
You barely miss the troll.
The troll is severely wounded.
The troll bites you. The troll closely misses you.
The troll claws you but does no damage. The troll barely misses you.
The troll claws you but does no damage. x2
You barely miss the troll.
The troll is severely wounded.
The troll bites you. The troll closely misses you. The troll claws you.
* * * LOW HITPOINT WARNING * * *
You closely miss the troll.
The troll is heavily wounded.
The troll bites you.
* * * LOW HITPOINT WARNING * * *
The troll barely misses you. The troll claws you!
* * * LOW HITPOINT WARNING * * *
You hit the troll but do no damage.
Your weapon exudes an aura of protection.
The troll is heavily wounded.
The troll bites you!
* * * LOW HITPOINT WARNING * * *
The troll claws you.
* * * LOW HITPOINT WARNING * * *
The troll claws you.
You die...

###...#... #.#
###.#.#. #.#
#.#.#. #.# #.#.#.
#.# #.#.#. #.#
#..... #.#
######.###.
#.######......# #.
#@.......####.###.
#T######## #.....
#(# #.#.## #'##
#.#.# ####.8#
#.#># ##..'..+
#.#.# #..8#(.#
#.#.# #.#######
#.#.# #+ $$)[$$#
######.#.#


You could see a troll.

Vanquished Creatures
  Edmund (D:6)
  An acid dragon (D:6)
  3 necrophages
  3 ice beasts
  2 ogres
  A sky beast (D:3)
  A centaur (D:6)
  A phantom (D:6)
  3 scorpions
  A water moccasin zombie (D:6)
  A wyvern skeleton (D:6)
  A water moccasin skeleton (D:5)
  A howler monkey (D:4)
  A centaur zombie (D:7)
  2 bullfrog zombies (D:6)
  4 hounds
  3 jellies
  An orc priest (D:3)
  A centaur skeleton (D:4)
  Jessica (D:3)
  3 iguanas
  4 orc wizards
  A howler monkey zombie (D:6)
  A howler monkey skeleton (D:3)
  3 gnolls (D:3)
  7 adders
  2 shadow imps
  A white imp (D:7)
  An ufetubus (D:6)
  2 adder skeletons (D:4)
  A worm (D:2)
  3 dart slugs
  22 orcs
  4 ball pythons
  3 bats (D:1)
  2 endoplasms (D:1)
  2 giant cockroaches (D:1)
  4 goblins
  6 hobgoblins
  4 jackals
  2 kobolds
  7 quokkas
  A frilled lizard (D:1)
  5 rats
124 creatures vanquished.

Vanquished Creatures (others)
  13 plants (D:2)
13 creatures vanquished.

Grand Total: 137 creatures vanquished

Notes
Turn   | Place    | Note
-------+----------+-------------------------------------------
     0 | D:1      | Banquo the Djinni Hunter began the quest for the Orb.
     0 | D:1      | Reached XP level 1. HP: 18/18 MP: 0/0
   303 | D:1      | Reached XP level 2. HP: 15/23 MP: 0/0
   637 | D:1      | Reached skill level 1 in Spellcasting
   772 | D:1      | Reached XP level 3. HP: 12/29 MP: 0/0
   772 | D:1      | Learned a level 1 spell: Corona
  2153 | D:2      | Reached skill level 3 in Fighting
  2523 | D:2      | Found a faded altar of an unknown god.
  2546 | D:2      | Noticed Terence
  2624 | D:3      | Noticed Jessica
  3266 | D:2      | Reached XP level 4. HP: 35/35 MP: 0/0
  3804 | D:3      | Reached skill level 4 in Fighting
  3804 | D:3      | Reached XP level 5. HP: 19/41 MP: 0/0
  3804 | D:3      | Learned a level 2 spell: Passwall
  4469 | D:3      | Noticed a sky beast
  4489 | D:3      | Killed a sky beast
  4490 | D:3      | Reached XP level 6. HP: 40/48 MP: 0/0
  5016 | D:3      | Reached skill level 5 in Fighting
  5223 | D:3      | Killed Jessica
  5879 | D:4      | Reached XP level 7. HP: 54/54 MP: 0/0
  5879 | D:4      | Learned a level 3 spell: Teleport Other
  6152 | D:4      | Reached skill level 6 in Fighting
  6261 | D:4      | Found Mebinu's Magic Scroll Emporium.
  6266 | D:4      | Bought a scroll of identify for 28 gold pieces
  6266 | D:4      | Bought a scroll of teleportation for 42 gold pieces
  6267 | D:4      | Bought a scroll of identify for 28 gold pieces
  6537 | D:4      | Found a staircase to the Ecumenical Temple.
  6543 | Temple   | Entered the Ecumenical Temple
  6937 | D:4      | Found Mebinu's Magic Scroll Emporium.
  7007 | D:5      | Entered Level 5 of the Dungeon
  7009 | D:5      | Found a glowing golden altar of the Shining One.
  7852 | D:5      | Reached skill level 7 in Fighting
  7852 | D:5      | Reached XP level 8. HP: 64/64 MP: 0/0
  8167 | D:5      | Found a glowing golden altar of the Shining One.
  9181 | D:6      | Noticed a boulder beetle
  9275 | D:5      | HP: 2/64 [ice beast (13)]
  9564 | D:6      | Reached skill level 8 in Fighting
  9814 | D:6      | Reached XP level 9. HP: 67/70 MP: 0/0
  9814 | D:6      | Learned a level 4 spell: Leda's Liquefaction
  9889 | D:6      | Reached skill level 5 in Spellcasting
 10037 | D:6      | Found a runed translucent gate.
 10038 | D:6      | Found a runed translucent gate.
 10039 | D:6      | Found a runed translucent gate.
 10041 | D:6      | Noticed Descartes's ghost (novice DEWn)
 10096 | D:6      | Noticed Edmund
 10179 | D:6      | Killed Edmund
 10708 | D:7      | Reached skill level 9 in Fighting
 10801 | D:7      | Found a stormy altar of Qazlal.
 10863 | D:7      | Noticed a troll
 10864 | D:7      | Noticed a slime creature
 10980 | D:7      | HP: 3/72 [troll (3)]
 10980 | D:7      | Slain by a troll

Illustrated notes

Levels and vault maps discovered:
D:1:      lightli_arrival_boilingwater, layout_loops_cross, lemuel_old_faithful
D:2:      layout_basic, dilly_ecumenical_altar_fadedgnrine, uniq_terence
D:3:      layout_loops_cross, uniq_jessica
D:4:      layout_rooms, minmay_temple_entry_enclosed_plants, serial_shops,
          kennysheep_little_box
D:5:      layout_basic, mainiacjoe_overflow_tiny_flanked,
          chequers_serial_rivers_micro_b
D:6:      cheibrodos_fzero, layout_loops_cross, gammafunk_ghost_necromancy,
          nicolae_water_bricks, uniq_edmund
D:7:      minmay_chambers_of_sixes, layout_loops_ring,
          nicolae_qazlal_style_of_elements, tgw_xom,
          beargit_hepliaklqana_dungeon_heroes, dk_noncrumbling_3, minivault_25,
          uniq_joseph
Temple:   nicolae_temple_elliptical

Skill      XL: |  1  2  3  4  5  6  7  8  9 |
---------------+----------------------------+-----
Spellcasting   | 1 2 3 4 6 |  6.5
Fighting       | 3 4 5 7 8 9 |  9.1
Crossbows      | |  3.2
Dodging        | |  2.1
Stealth        | |  0.7

Action                   |  1- 3 |  4- 6 |  7- 9 || total
-------------------------+-------+-------+-------++-------
Melee: Short sword       |    27 |       |       ||    27
       Dagger            |    91 |    49 |   325 ||   465
       Flail             |       |       |   116 ||   116
       Trident           |       |       |     2 ||     2
 Fire: Hand crossbow     |       |    39 |    48 ||    87
Throw: Stone             |       |       |     4 ||     4
 Cast: Corona            |       |     4 |    33 ||    37
       Teleport Other    |       |       |    12 ||    12
  Use: Scroll            |     6 |     2 |     9 ||    17
 Stab: Sleeping          |     2 |     1 |     1 ||     4
Armor: Leather armour    |    20 |    16 |   159 ||   195
Dodge: Dodged            |    69 |    21 |   308 ||   398
